[Event "Titled Tuesday Blitz August 3 2021"]
[White "Ataman, Alper Efe"]
[Black "Petriashvili, Nikoloz"]
[WhiteFideId "6301606"]
[BlackFideId "13611216"]
[WhiteElo "2023"]
[BlackElo "2430"]
[Result "1-0"]
[Round "08"]
[TimeControl "180+1"]
[Date "2021.08.03"]
[WhiteClock "0:01:15"]
[BlackClock "0:02:27"]

1. g3 d6 2. Bg2 Nf6 3. d3 g6 4. Nd2 Bg7 5. e4 O-O 6. Ngf3 Nc6 7. O-O Bg4 8. h3 Bxf3 9. Nxf3 Nd7 10. c3 Nce5 11. Ne1 c5 12. f4 Nc6 13. Be3 Rc8 14. Nf3 b5 15. a3 Nb6 16. f5 a5 17. g4 b4 18. Qd2 Na7 19. axb4 cxb4 20. c4 Nc6 21. g5 Nd7 22. d4 Qc7 23. Rac1 Rfe8 24. h4 a4 25. h5 a3 26. b3 Ra8 27. Bh3 Nf8 28. Nh4 a2 29. f6 Bh8 30. Ra1 exf6 31. gxf6 Rxe4 32. Nf5 Rae8 33. Nh6# 1-0


[Site "https://www.chess.com"]

[Event "Titled Tuesday Blitz August 3 2021"]
[White "Batsuren, Dambasuren"]
[Black "Abdusattorov, Nodirbek"]
[WhiteFideId "4902920"]
[BlackFideId "14204118"]
[WhiteElo "2371"]
[BlackElo "2662"]
[Result "1-0"]
[Round "08"]
[TimeControl "180+1"]
[Date "2021.08.03"]
[WhiteClock "0:00:13"]
[BlackClock "0:00:03"]

1. d4 f5 2. g3 Nf6 3. Bg2 g6 4. c4 Bg7 5. Nf3 O-O 6. O-O d6 7. Nc3 Nc6 8. d5 Na5 9. Qd3 e5 10. dxe6 Bxe6 11. b3 Kh8 12. Bb2 Nc6 13. Rfe1 Ne4 14. Qc2 Qf6 15. Na4 Qe7 16. Rad1 Rae8 17. Nd4 Bd7 18. Nb5 Nb4 19. Qb1 Nxf2 20. Bxg7+ Kxg7 21. Kxf2 Qe3+ 22. Kf1 f4 23. g4 f3 24. Qb2+ Re5 25. exf3 Rxf3+ 26. Bxf3 Qxf3+ 27. Qf2 Qh1+ 28. Qg1 Qf3+ 29. Qf2 Qxg4 30. Rxe5 Qxd1+ 31. Re1 Bh3+ 32. Kg1 Qg4+ 33. Qg3 Qf5 34. Nd4 Qf6 35. Qxh3 Qxd4+ 36. Qe3 Qg4+ 37. Kh1 Nc2 38. Qe7+ Kh6 39. Rf1 Nd4 40. Qe3+ g5 41. Nc3 Nf5 42. Qe6+ Kh5 43. Qxf5 1-0


[Site "https://www.chess.com"]

[Event "Titled Tuesday Blitz August 3 2021"]
[White "Bazeev, German"]
[Black "Quparadze, Giga"]
[WhiteFideId "24119350"]
[BlackFideId "13602250"]
[WhiteElo "2462"]
[BlackElo "2658"]
[Result "0-1"]
[Round "08"]
[TimeControl "180+1"]
[Date "2021.08.03"]
[WhiteClock "0:00:05"]
[BlackClock "0:00:52"]

1. d4 Nf6 2. Nf3 e6 3. c4 b6 4. Nc3 Bb4 5. Bg5 Bb7 6. Nd2 h6 7. Bh4 Nc6 8. e3 Ne7 9. Bxf6 gxf6 10. Rc1 Ng6 11. h4 h5 12. Rh2 f5 13. g3 Qf6 14. Bg2 Bxg2 15. Rxg2 c5 16. Nb5 cxd4 17. exd4 Kf8 18. a3 Bxd2+ 19. Qxd2 f4 20. gxf4 Nxh4 21. Rg3 Nf5 22. Rg5 a6 23. Nc7 Rc8 24. Qb4+ d6 25. Qxb6 Qd8 26. Rxf5 exf5 27. Nd5 h4 28. Qxd8+ Rxd8 29. Kf1 h3 30. Ke2 Re8+ 31. Ne3 Re4 32. Kf3 Rxd4 33. Nxf5 Rd3+ 34. Ne3 Rb3 35. Kg3 h2 36. Kg2 Rxb2 37. Rh1 Ra2 38. Kf3 Rxa3 39. Ke4 a5 0-1


[Site "https://www.chess.com"]

[Event "Titled Tuesday Blitz August 3 2021"]
[White "Bethke, Richard"]
[Black "Damjanovic, Vladimir"]
[WhiteFideId "12959243"]
[BlackFideId "903795"]
[WhiteElo "2399"]
[BlackElo "2374"]
[Result "0-1"]
[Round "08"]
[TimeControl "180+1"]
[Date "2021.08.03"]
[WhiteClock "0:00:19"]
[BlackClock "0:00:50"]

1. e4 Nf6 2. e5 Nd5 3. c4 Nb6 4. d4 d6 5. exd6 cxd6 6. Nc3 g6 7. Nf3 Bg7 8. Be2 O-O 9. O-O Nc6 10. Be3 Bg4 11. b3 d5 12. c5 Nc8 13. h3 Bxf3 14. Bxf3 e6 15. Rb1 a5 16. a3 N8e7 17. b4 axb4 18. axb4 Nf5 19. Ne2 Nxe3 20. fxe3 Ra3 21. Rb3 Qa8 22. b5 Rxb3 23. Qxb3 Na5 24. Qc3 Nc4 25. Ra1 Qd8 26. Nf4 Qc7 27. Bxd5 Nxe3 28. Qxe3 Qd7 29. Bxe6 Qxd4 30. Re1 Qxe3+ 31. Rxe3 Bd4 32. Bxf7+ Rxf7 33. Nd5 Bxc5 34. g4 Rf3 35. Kg2 Rxe3 0-1


[Site "https://www.chess.com"]

[Event "Titled Tuesday Blitz August 3 2021"]
[White "Bluebaum, Matthias"]
[Black "Indjic, Aleksandar"]
[WhiteFideId "24651516"]
[BlackFideId "911925"]
[WhiteElo "2685"]
[BlackElo "2643"]
[Result "1/2-1/2"]
[Round "08"]
[TimeControl "180+1"]
[Date "2021.08.03"]
[WhiteClock "0:00:05"]
[BlackClock "0:00:03"]

1. d4 Nf6 2. c4 e6 3. Nc3 d5 4. cxd5 exd5 5. Bg5 c6 6. e3 Be7 7. Bd3 O-O 8. h3 Re8 9. Qc2 h6 10. Bf4 Nbd7 11. Nf3 Nf8 12. O-O Bd6 13. Ne5 Qe7 14. Bh2 c5 15. f4 c4 16. Be2 a6 17. Bf3 Qd8 18. g4 Rb8 19. Qg2 b5 20. Nxd5 Nxd5 21. Bxd5 Be6 22. Nc6 Bxd5 23. Qxd5 Qc7 24. Nxb8 Qxb8 25. Rae1 Rd8 26. Qg2 b4 27. f5 a5 28. Rc1 Rc8 29. e4 Qb6 30. Rfd1 Nd7 31. Kh1 Bxh2 32. Kxh2 f6 33. e5 Qb5 34. e6 Nb6 35. d5 c3 36. bxc3 bxc3 37. d6 Nc4 38. d7 Rd8 39. Qd5 Qb8+ 40. Kh1 Ne3 41. Qe4 Qg3 42. Rc2 Nxc2 43. e7 Qxh3+ 44. Kg1 Qg3+ 45. Kf1 Qh3+ 46. Kf2 Qh2+ 47. Kf1 Qh3+ 48. Ke2 Qh2+ 49. Kd3 Rxd7+ 50. Kc4 Na3+ 51. Kb3 Qb2+ 52. Ka4 Qb5+ 53. Kxa3 Qc5+ 54. Kb3 Rxe7 55. Rd8+ Kh7 56. Qa8 Qb4+ 57. Kc2 Qb2+ 58. Kd3 Qd2+ 59. Kc4 Qe2+ 60. Kb3 Qb2+ 61. Kc4 Qxa2+ 62. Kc5 Qa3+ 63. Kb6 Qb4+ 64. Ka6 Qc4+ 65. Kb6 Qb4+ 66. Ka6 Qc4+ 67. Kb6 Qc7+ 68. Ka6 Qc4+ 1/2-1/2


[Site "https://www.chess.com"]

[Event "Titled Tuesday Blitz August 3 2021"]
[White "Boraso, Alessio"]
[Black "Leitao, Rafael"]
[WhiteFideId "848077"]
[BlackFideId "2101246"]
[WhiteElo "2277"]
[BlackElo "2609"]
[Result "1/2-1/2"]
[Round "08"]
[TimeControl "180+1"]
[Date "2021.08.03"]
[WhiteClock "0:00:13"]
[BlackClock "0:00:30"]

1. c4 Nf6 2. g3 g6 3. Bg2 Bg7 4. Nc3 O-O 5. d3 e5 6. e3 c6 7. Nge2 d5 8. cxd5 cxd5 9. d4 e4 10. b3 Nc6 11. a4 Re8 12. Ba3 Bg4 13. h3 Bf3 14. Bxf3 exf3 15. Nf4 g5 16. Nd3 Nxd4 17. Bc5 Ne2 18. Nxe2 fxe2 19. Qxe2 Ne4 20. Rc1 Qd7 21. Kf1 d4 22. Kg2 Qd5 23. Nb4 Qxb3 24. Qc4 Nxc5 25. Qxc5 dxe3 26. Nd5 exf2 27. Rhf1 Qb4 28. Nxb4 1/2-1/2


[Site "https://www.chess.com"]

[Event "Titled Tuesday Blitz August 3 2021"]
[White "Bryakin, Mikhail"]
[Black "Labussiere, Victor"]
[WhiteFideId "4165314"]
[BlackFideId "2183129"]
[WhiteElo "2403"]
[BlackElo "1921"]
[Result "0-1"]
[Round "08"]
[TimeControl "180+1"]
[Date "2021.08.03"]
[WhiteClock "0:01:26"]
[BlackClock "0:00:57"]

1. e4 c5 2. c3 Nf6 3. e5 Nd5 4. d4 cxd4 5. Bc4 Nb6 6. Bb3 Nc6 7. Nf3 g6 8. cxd4 Bg7 9. Bf4 d6 10. Ng5 O-O 11. e6 fxe6 12. Nxe6 Bxe6 13. Bxe6+ Kh8 14. Be3 d5 15. Nc3 Qd6 16. Bg4 e5 17. Nb5 Qb4+ 18. Nc3 exd4 19. a3 Qe7 20. O-O dxe3 21. fxe3 Qxe3+ 22. Kh1 d4 23. Nb5 Rad8 24. Nc7 Rxf1+ 25. Qxf1 Rf8 26. Qb5 Qe5 27. Qxe5 Nxe5 28. Ne6 Nxg4 29. Nxf8 Bxf8 30. h3 Ne3 31. Re1 Bh6 32. Re2 Nbc4 33. b3 d3 0-1


[Site "https://www.chess.com"]

[Event "Titled Tuesday Blitz August 3 2021"]
[White "Chen, Max"]
[Black "Potapova, Margarita"]
[WhiteFideId "2622440"]
[BlackFideId "14126869"]
[WhiteElo "2452"]
[BlackElo "2229"]
[Result "0-1"]
[Round "08"]
[TimeControl "180+1"]
[Date "2021.08.03"]
[WhiteClock "0:00:02"]
[BlackClock "0:00:08"]

1. e4 c5 2. Nf3 d6 3. d4 cxd4 4. Nxd4 Nf6 5. Nc3 a6 6. Be3 e5 7. Nb3 Be6 8. f3 Be7 9. Be2 O-O 10. O-O b5 11. a4 b4 12. Nd5 Bxd5 13. exd5 a5 14. Qd3 Nbd7 15. Rad1 Nb6 16. Qb5 Nbd7 17. f4 Ne8 18. fxe5 dxe5 19. Nc5 Nxc5 20. Bxc5 Bxc5+ 21. Qxc5 Nd6 22. Qe3 Qe7 23. c4 bxc3 24. bxc3 Rac8 25. Rc1 Nc4 26. Qh3 Qc5+ 27. Kh1 Qxd5 28. Rfd1 Qc6 29. Bg4 Rcd8 30. Bd7 Qc5 31. Bb5 Nb6 32. Re1 Rd2 33. Qe3 Qd5 34. Qe4 Qxe4 35. Rxe4 f6 36. c4 Rc8 37. h3 Rc5 38. Kh2 Kf7 39. Kg3 f5 40. Ree1 Kf6 41. Kf3 Rd3+ 42. Ke2 e4 43. g4 f4 44. Rf1 Ke5 45. Rce1 Nxc4 46. Rc1 Rd4 47. Rc3 f3+ 48. Kf2 Kf4 49. Re1 Rd2+ 50. Kg1 Kg3 51. Kf1 Rd4 52. Ree3 Nd2+ 0-1


[Site "https://www.chess.com"]

[Event "Titled Tuesday Blitz August 3 2021"]
[White "Coto Mederos, Michel"]
[Black "Baskin, Robert"]
[WhiteFideId "3508528"]
[BlackFideId "24662402"]
[WhiteElo "2427"]
[BlackElo "2462"]
[Result "1/2-1/2"]
[Round "08"]
[TimeControl "180+1"]
[Date "2021.08.03"]
[WhiteClock "0:00:03"]
[BlackClock "0:00:46"]

1. c4 c5 2. Nc3 g6 3. Nf3 Bg7 4. e3 Nf6 5. d4 cxd4 6. exd4 d5 7. cxd5 Nxd5 8. Bc4 Nb6 9. Bb3 Nc6 10. Be3 O-O 11. h3 Na5 12. Bc2 Nac4 13. Qe2 Nxe3 14. fxe3 Be6 15. O-O Rc8 16. Rfd1 Qc7 17. Rac1 Rfd8 18. e4 Bh6 19. Rb1 Bxa2 20. Ra1 Bc4 21. Qf2 a6 22. d5 e6 23. dxe6 Bxe6 24. Nd4 Qe5 25. Nf3 Qc5 26. Rxd8+ Bf8 27. Qxc5 Rxc5 28. Nd4 Bd7 29. Rf1 Kg7 30. Bb3 f6 31. Rxd7+ Nxd7 32. Ne6+ Kh6 33. Nxc5 Bxc5+ 34. Kh1 Kg5 35. Nd5 Bd4 36. Nc3 Ne5 37. Bc2 b5 38. Rd1 Bf2 39. b4 h5 40. Nd5 Nc4 41. Bb3 Ne5 42. Rf1 Bd4 43. Nxf6 Nd3 44. Nh7+ Kh6 45. Nf8 Nxb4 46. Kh2 Be5+ 47. g3 h4 48. Kg2 Bxg3 49. Nd7 Nd3 50. Rf3 Nf4+ 51. Kf1 Nxh3 52. e5 Ng5 53. Rf6 h3 54. e6 Bd6 55. e7 Bxe7 56. Rxa6 Ne4 57. Ne5 Nd2+ 58. Kg1 Nxb3 59. Nxg6 Bg5 60. Kh2 Nc5 61. Rc6 Ne4 62. Kxh3 Kh5 63. Ne5 b4 64. Nf3 Bf4 65. Rb6 Bd6 66. Rb5+ Kg6 67. Nd4 Kf6 68. Nc2 Nf2+ 69. Kg2 Nd3 70. Rb6 Ke5 71. Kf3 Bc5 72. Rb5 Kd5 73. Nxb4+ Nxb4 74. Rxb4 Bxb4 1/2-1/2


[Site "https://www.chess.com"]

[Event "Titled Tuesday Blitz August 3 2021"]
[White "Csonka, Balazs"]
[Black "Siva Mahadevan"]
[WhiteFideId "742910"]
[BlackFideId "25043153"]
[WhiteElo "2404"]
[BlackElo "2203"]
[Result "1-0"]
[Round "08"]
[TimeControl "180+1"]
[Date "2021.08.03"]
[WhiteClock "0:00:03"]
[BlackClock "0:00:12"]

1. d4 Nf6 2. Bg5 Ne4 3. Bf4 c5 4. d5 Qa5+ 5. Nd2 e6 6. c3 Nf6 7. Nc4 Qa6 8. e4 b5 9. Ne3 Nxe4 10. a4 Qb7 11. axb5 d6 12. Ra4 Nf6 13. dxe6 Bxe6 14. Bxd6 Bxd6 15. Qxd6 Nbd7 16. Be2 Rd8 17. Qa6 Qc7 18. Nf3 O-O 19. O-O Nb6 20. Raa1 Rd7 21. Rfd1 Rfd8 22. Rxd7 Rxd7 23. Rd1 Nfd5 24. Nxd5 Bxd5 25. Qa1 Re7 26. Re1 f6 27. h3 Qf4 28. Qd1 Rd7 29. Qc1 Qc7 30. Rd1 Re7 31. Re1 Qd7 32. Nh2 Qe8 33. Qd1 Kh8 34. Kf1 Qf7 35. Nf3 Bb3 36. Qd2 Rd7 37. Qe3 Rc7 38. Bd3 g5 39. Qe8+ Kg7 40. Qxf7+ Bxf7 41. g4 Nc4 42. Bxc4 Bxc4+ 43. Kg2 Bxb5 44. Nd2 Bc6+ 45. Kg3 Rb7 46. b3 Rd7 47. Nc4 Rd3+ 48. Re3 Rd1 49. f4 Rg1+ 50. Kf2 Rg2+ 51. Kf1 gxf4 52. Re7+ Kg6 53. Rc7 Bf3 54. Nd6 Rc2 55. Nf5 Bxg4 56. hxg4 Kg5 57. Rg7# 1-0


[Site "https://www.chess.com"]

[Event "Titled Tuesday Blitz August 3 2021"]
[White "Daggupati, Balaji"]
[Black "He, Anthony"]
[WhiteFideId "2090759"]
[BlackFideId "2088215"]
[WhiteElo "2680"]
[BlackElo "2353"]
[Result "0-1"]
[Round "08"]
[TimeControl "180+1"]
[Date "2021.08.03"]
[WhiteClock "0:00:09"]
[BlackClock "0:00:14"]

1. e4 b6 2. d4 Bb7 3. Bd3 e6 4. Nf3 Nf6 5. Qe2 d5 6. exd5 Nxd5 7. O-O Be7 8. c4 Nf6 9. Nc3 O-O 10. Bg5 Nbd7 11. Rfe1 h6 12. Bh4 Nh5 13. Bxe7 Qxe7 14. Be4 c6 15. Ne5 Nxe5 16. dxe5 Qg5 17. Bf3 Nf4 18. Qe3 Nh3+ 19. Kf1 Qxe3 20. Rxe3 Ng5 21. Rd1 Rfd8 22. Red3 Rxd3 23. Rxd3 Nxf3 24. gxf3 c5 25. Ke2 Bc6 26. Nb5 Kf8 27. Nd6 Ke7 28. f4 g6 29. a3 f6 30. b4 g5 31. b5 Bd7 32. exf6+ Kxf6 33. fxg5+ hxg5 34. Ne4+ Ke7 35. Nxg5 a6 36. bxa6 Rxa6 37. Nf3 b5 38. Ne5 Be8 39. Rb3 bxc4 40. Nxc4 Bc6 41. Ne3 Ra4 42. Rc3 Kd6 43. Nc4+ Rxc4 44. Rxc4 Bb5 45. Kd3 Kd5 46. h4 Bxc4+ 47. Ke3 Ke5 48. h5 Kf5 49. a4 Kg5 50. Ke4 Kxh5 51. Ke5 Kg4 52. Kd6 Kf4 53. Kxc5 Bf1 54. Kd6 e5 55. Kd5 e4 56. Kd4 Kf3 57. a5 Bd3 58. a6 Bxa6 0-1


[Site "https://www.chess.com"]

[Event "Titled Tuesday Blitz August 3 2021"]
[White "Dang, Hoang Son"]
[Black "Petesch, Gabriel"]
[WhiteFideId "12402435"]
[BlackFideId "2032465"]
[WhiteElo "2248"]
[BlackElo "2374"]
[Result "1/2-1/2"]
[Round "08"]
[TimeControl "180+1"]
[Date "2021.08.03"]
[WhiteClock "0:00:07"]
[BlackClock "0:00:06"]

1. d4 c5 2. d5 Nf6 3. Nc3 g6 4. e4 Bg7 5. Nf3 O-O 6. Be2 a6 7. a4 d6 8. Bg5 Bg4 9. Nd2 Bxe2 10. Qxe2 h6 11. Be3 Nbd7 12. O-O e6 13. dxe6 fxe6 14. f4 Qe7 15. Rad1 Rad8 16. Nc4 d5 17. exd5 exd5 18. Nxd5 Nxd5 19. Rxd5 b5 20. axb5 axb5 21. Ne5 Nxe5 22. Bxc5 Qc7 23. Bxf8 Rxd5 24. Bxg7 Kxg7 25. fxe5 Qxe5 26. Qf3 Qd4+ 27. Kh1 Rd7 28. c3 Qd6 29. h3 Kh7 30. Qe4 Qe7 31. Qxe7+ Rxe7 32. Rf6 Re2 33. b4 Rc2 34. Rc6 h5 35. h4 Kh6 36. Kh2 Kg7 37. Kg3 Kh6 38. Kf3 Kg7 39. Rc5 Kf6 40. g3 Ke6 41. Kf4 Kf6 42. Rc6+ Kf7 43. Rc5 Kf6 44. Ke3 Rg2 45. Rxb5 Rxg3+ 46. Kf2 Rxc3 47. Rc5 Rb3 48. b5 Ke6 49. Ke2 Kf6 50. Kd2 Rb4 51. Kc3 Rxh4 52. b6 Rh3+ 53. Kb2 Rh2+ 54. Rc2 Rh4 55. Kb3 Rh3+ 56. Rc3 Rh1 57. Kb4 Rb1+ 58. Rb3 Rd1 59. b7 Rd8 60. Kc5 g5 61. Kc6 Kf5 62. Kc7 Rh8 63. Rd3 h4 64. Rd8 Rh7+ 65. Rd7 Rh8 66. Rd8 Rh7+ 67. Rd7 Rh8 68. Rd8 1/2-1/2


[Site "https://www.chess.com"]

[Event "Titled Tuesday Blitz August 3 2021"]
[White "Demidov, Mikhail"]
[Black "Al-Tarboush, Ward"]
[WhiteFideId "4197143"]
[BlackFideId "7601450"]
[WhiteElo "2598"]
[BlackElo "2319"]
[Result "1-0"]
[Round "08"]
[TimeControl "180+1"]
[Date "2021.08.03"]
[WhiteClock "0:00:37"]
[BlackClock "0:00:04"]

1. Nf3 b6 2. g3 Bb7 3. Bg2 Nf6 4. O-O e6 5. c4 c5 6. d3 Be7 7. e4 d6 8. Qe2 Nbd7 9. Nc3 Ne5 10. Nxe5 dxe5 11. f4 Bd6 12. Be3 O-O 13. h3 Qe7 14. f5 exf5 15. Rxf5 Bc8 16. Rf2 h6 17. Raf1 Nh7 18. Nd5 Qe6 19. Qh5 Bd7 20. Kh2 Qg6 21. Qe2 Ng5 22. h4 Ne6 23. Rf6 gxf6 24. Nxf6+ Kh8 25. Nxd7 Rg8 26. Qf2 Nd4 27. Bh3 Rg7 28. Nf6 Be7 29. Nd5 Bd6 30. a3 Rag8 31. Rg1 h5 32. Nf6 Be7 33. Nxg8 Rxg8 34. Rf1 Rg7 35. Bd2 Kg8 36. Be1 Qh6 37. Qd2 Qxd2+ 38. Bxd2 f6 39. b4 Kf7 40. b5 Kg6 41. a4 Rh7 42. Bc3 Bd8 43. Bxd4 exd4 44. Bf5+ Kg7 45. Bxh7 Kxh7 46. Rf5 Kg6 47. Kh3 Bc7 48. g4 Be5 49. gxh5+ Kh6 50. Kg4 Kg7 51. Rf1 Kh6 52. a5 bxa5 53. Ra1 Bc7 54. Kf5 Bd8 55. e5 fxe5 56. Kxe5 Kxh5 57. Kd5 Bb6 58. Rh1 Kh6 59. h5 a4 60. Ra1 Kxh5 61. Rxa4 Kg4 62. Ke4 Kg3 63. Ra1 Kf2 64. Rh1 Kg3 65. Rf1 Kg2 66. Rf3 Kg1 67. Kf4 Kg2 68. Kg4 Bc7 69. Rf6 Bb6 70. Rf5 Kg1 71. Kh3 Bc7 72. Rxc5 Bb6 73. Rf5 Bc7 74. c5 1-0


[Site "https://www.chess.com"]

[Event "Titled Tuesday Blitz August 3 2021"]
[White "Diaz Perez, Michel Alejandro"]
[Black "Aitbayev, Aslan"]
[WhiteFideId "3517179"]
[BlackFideId "13704613"]
[WhiteElo "2337"]
[BlackElo "2417"]
[Result "0-1"]
[Round "08"]
[TimeControl "180+1"]
[Date "2021.08.03"]
[WhiteClock "0:00:03"]
[BlackClock "0:00:05"]

1. e4 e6 2. d4 d5 3. Nd2 c5 4. exd5 Qxd5 5. dxc5 Nf6 6. Ngf3 Qxc5 7. Bd3 Nbd7 8. Qe2 Be7 9. O-O O-O 10. Re1 b6 11. Ne4 Qc7 12. Nxf6+ Nxf6 13. Ne5 Bb7 14. Bf4 Bd6 15. c4 Nd7 16. Nxd7 Qxd7 17. Rad1 Qc6 18. Be4 Qxe4 19. Qxe4 Bxe4 20. Bxd6 Bc2 21. Bxf8 Bxd1 22. Bxg7 Kxg7 23. Rxd1 Rc8 24. b3 b5 25. cxb5 Rc2 26. a4 Rb2 27. g3 Rxb3 28. Rd7 a6 29. bxa6 Rb4 30. a7 Rxa4 31. h4 h5 32. Kf1 Ra2 33. Ke1 Kg6 34. Rb7 f6 35. Kf1 e5 36. Kg2 e4 37. Kf1 Kf5 38. Re7 Kg6 39. Ke1 Kf5 40. Kd1 Kg6 41. Kc1 f5 42. Kb1 Ra4 43. Kb2 Kf6 44. Rb7 f4 45. gxf4 Kf5 46. Kb3 Ra1 47. Kc4 Kxf4 48. Kd5 Ra5+ 49. Kc6 Kg4 50. Kb6 Ra2 51. Rg7+ Kxh4 52. Kb7 Rb2+ 53. Kc8 Ra2 54. Kb8 Rxf2 55. Re7 Rb2+ 56. Kc8 Ra2 57. Kb8 Rb2+ 58. Ka8 Kg3 59. Rxe4 h4 60. Re7 h3 61. Rg7+ Kf2 62. Rb7 Re2 63. Rf7+ Kg2 64. Kb8 Rb2+ 0-1


[Site "https://www.chess.com"]

[Event "Titled Tuesday Blitz August 3 2021"]
[White "El Arousy, Abdul Hameed"]
[Black "Shyaamnikhil P"]
[WhiteFideId "10600086"]
[BlackFideId "5024218"]
[WhiteElo "2216"]
[BlackElo "2300"]
[Result "0-1"]
[Round "08"]
[TimeControl "180+1"]
[Date "2021.08.03"]
[WhiteClock "0:00:30"]
[BlackClock "0:00:41"]

1. e4 e5 2. d4 exd4 3. c3 d3 4. Bxd3 Bc5 5. c4 Nc6 6. Nf3 d6 7. Be3 Bxe3 8. fxe3 Nge7 9. Nc3 Ng6 10. Qd2 Nge5 11. Nxe5 Nxe5 12. O-O O-O 13. Rad1 Be6 14. b3 Qh4 15. Nd5 Bxd5 16. exd5 Rae8 17. Bf5 g6 18. Bh3 f5 19. e4 f4 20. Be6+ Kg7 21. b4 Rf6 22. c5 g5 23. cxd6 cxd6 24. Qc2 Re7 25. Qc8 Rfxe6 26. dxe6 Ng4 27. h3 Ne3 28. Qd8 Rxe6 29. Rxd6 Rxd6 30. Qxd6 Nxf1 31. Kxf1 Qg3 32. e5 f3 33. Qf6+ Kg8 34. gxf3 Qxh3+ 35. Ke2 Qg2+ 36. Ke3 Qg1+ 37. Kd3 Qb1+ 38. Kc4 Qxa2+ 39. Kc5 Qc2+ 40. Kd5 Qb3+ 41. Kd6 Qxb4+ 42. Kd7 Qb5+ 43. Kd8 Qd5+ 44. Qd6 Qxf3 45. e6 Qf6+ 46. Kc8 g4 47. Qd8+ Kg7 48. e7 Qc6+ 49. Qc7 Qe8+ 50. Kxb7 Kf7 51. Qf4+ Kxe7 52. Qxg4 Qd7+ 0-1


[Site "https://www.chess.com"]

[Event "Titled Tuesday Blitz August 3 2021"]
[White "Eternauta2400"]
[Black "Filippova, Margarita"]
[BlackFideId "34199680"]
[WhiteElo "2524"]
[BlackElo "1829"]
[Result "1-0"]
[Round "08"]
[TimeControl "180+1"]
[Date "2021.08.03"]
[WhiteClock "0:02:28"]
[BlackClock "0:01:21"]

1. e4 e5 2. Bc4 Nc6 3. Nc3 Nf6 4. d3 Bc5 5. f4 d6 6. Nf3 O-O 7. f5 Na5 8. Bg5 Nxc4 9. dxc4 h6 10. Bh4 c6 11. Qd3 Re8 12. O-O-O a5 13. h3 a4 14. g4 a3 15. b3 Bb4 16. g5 hxg5 17. Bxg5 Qa5 18. Ne2 Nd7 19. c3 Bc5 20. b4 Bxb4 21. cxb4 Qxb4 22. Qb3 Qc5 23. Be3 Qb6 24. Bxb6 1-0


[Site "https://www.chess.com"]

[Event "Titled Tuesday Blitz August 3 2021"]
[White "Firat, Burak"]
[Black "Cunjalo, Faris"]
[WhiteFideId "6305881"]
[BlackFideId "14410710"]
[WhiteElo "2531"]
[BlackElo "2234"]
[Result "0-1"]
[Round "08"]
[TimeControl "180+1"]
[Date "2021.08.03"]
[WhiteClock "0:00:07"]
[BlackClock "0:00:32"]

1. Nf3 d5 2. c4 d4 3. e3 Nc6 4. exd4 Nxd4 5. Nxd4 Qxd4 6. d3 g6 7. Nc3 Nh6 8. Be3 Qd8 9. d4 Nf5 10. Bd3 Nxe3 11. fxe3 Bh6 12. Qf3 c6 13. h4 Qb6 14. O-O O-O 15. b3 Bg7 16. Ne4 Bf5 17. g4 Bxe4 18. Bxe4 c5 19. Bxb7 Rab8 20. Be4 cxd4 21. Rac1 Qc5 22. exd4 Bxd4+ 23. Kh1 Rb6 24. g5 f5 25. gxf6 Rbxf6 26. Qg2 Rf4 27. Bd5+ Kg7 28. Rxf4 Rxf4 29. Qg3 Be5 30. Qg5 Qd6 31. Rc2 Bf6 32. Qg2 Rxh4+ 33. Kg1 Bd4+ 34. Kf1 Qe5 35. Bf3 Rf4 36. Rd2 Qe3 0-1


[Site "https://www.chess.com"]

[Event "Titled Tuesday Blitz August 3 2021"]
[White "Gallegos Diaz, Carlos Alberto"]
[Black "Pinheiro, Iung Alicio de O."]
[WhiteFideId "3900886"]
[BlackFideId "2104350"]
[WhiteElo "2362"]
[BlackElo "2537"]
[Result "0-1"]
[Round "08"]
[TimeControl "180+1"]
[Date "2021.08.03"]
[WhiteClock "0:00:19"]
[BlackClock "0:00:17"]

1. e4 c5 2. Nf3 d6 3. Bb5+ Nd7 4. O-O a6 5. Bxd7+ Bxd7 6. c3 Bc6 7. Re1 Nf6 8. e5 dxe5 9. Nxe5 Rc8 10. d4 e6 11. Be3 cxd4 12. cxd4 Bb4 13. Nc3 O-O 14. Rc1 h6 15. Qb3 Qa5 16. Nc4 Bxc3 17. Nxa5 Bxa5 18. h3 Bxe1 19. Rxe1 Bd5 20. Qa3 Rc2 21. Rc1 Rfc8 22. Rxc2 Rxc2 23. g4 Ne4 24. Qe7 g5 25. a4 Rxb2 26. a5 Rb1+ 27. Kh2 Nc3 28. h4 Rh1+ 29. Kg3 Ne2# 0-1


[Site "https://www.chess.com"]

[Event "Titled Tuesday Blitz August 3 2021"]
[White "Galyas, Miklos"]
[Black "Erdogdu, Mert"]
[WhiteFideId "707244"]
[BlackFideId "6301495"]
[WhiteElo "2409"]
[BlackElo "2485"]
[Result "0-1"]
[Round "08"]
[TimeControl "180+1"]
[Date "2021.08.03"]
[WhiteClock "0:00:24"]
[BlackClock "0:00:08"]

1. c4 e6 2. g3 d5 3. Bg2 Nf6 4. Nf3 c5 5. O-O Be7 6. cxd5 exd5 7. d4 O-O 8. dxc5 Bxc5 9. Qc2 Bb6 10. Nc3 Nc6 11. Na4 Bg4 12. Nxb6 Qxb6 13. b3 Rfe8 14. Bb2 Ne4 15. Rad1 Rad8 16. Qb1 d4 17. h3 Bh5 18. Qa1 d3 19. exd3 Nxg3 20. Bxg7 Nxf1 21. Rxf1 Bxf3 22. Bxf3 Nd4 23. Bxd4 Qxd4 24. Be4 Qxa1 25. Rxa1 b6 26. Kf1 Rc8 27. Re1 Kg7 28. Re3 Rc2 29. Rg3+ Kh8 30. a4 Re5 31. Rf3 Kg7 32. Rg3+ Kf8 33. Bxh7 Rc3 34. Rg8+ Ke7 35. Ra8 Rc7 36. Be4 f5 37. Bf3 Rec5 38. h4 Kf6 39. h5 Kg5 40. Rg8+ Kh6 41. Rg6+ Kh7 42. Rf6 Kg7 43. Rg6+ Kf7 44. Rg3 Rc1+ 45. Kg2 R1c2 46. h6 Kf6 47. Bh5 Rh7 48. Rg6+ Ke5 49. Bf3 Kf4 50. Rf6 Kg5 51. Rc6 Rxc6 52. Bxc6 Rxh6 53. Kf3 Rxc6 0-1


[Site "https://www.chess.com"]

[Event "Titled Tuesday Blitz August 3 2021"]
[White "Gerzhoy, Leonid"]
[Black "Mekhitarian, Krikor Sevag"]
[WhiteFideId "2806126"]
[BlackFideId "2107660"]
[WhiteElo "2515"]
[BlackElo "2598"]
[Result "0-1"]
[Round "08"]
[TimeControl "180+1"]
[Date "2021.08.03"]
[WhiteClock "0:00:18"]
[BlackClock "0:00:05"]

1. d4 Nf6 2. Nf3 e6 3. e3 b6 4. Bd3 Bb7 5. O-O d5 6. b3 Bd6 7. Bb2 O-O 8. Nbd2 Nbd7 9. Ne5 c5 10. f4 Rc8 11. c4 cxd4 12. exd4 Ne4 13. Bxe4 dxe4 14. Qe2 f5 15. Rfd1 Qe7 16. Nf1 Rfd8 17. Ne3 Bxe5 18. dxe5 Nc5 19. Ba3 Qc7 20. Bxc5 Qxc5 21. Kf2 Bc6 22. Rxd8+ Rxd8 23. Rd1 Rd4 24. Rxd4 Qxd4 25. Qd1 Qxd1 26. Nxd1 h6 27. Ne3 g5 28. g3 Kf7 29. b4 Kg6 30. c5 bxc5 31. bxc5 Kf7 32. Ke1 Ke7 33. Kd2 gxf4 34. gxf4 Kd7 35. Kc3 Bb5 36. Kb4 Kc6 37. Nc2 Ba6 38. Ne3 Bd3 39. h4 Be2 40. Nc2 Ba6 41. Ne3 Bd3 42. Nd1 Ba6 43. Ne3 Bd3 44. Nd1 Kd5 45. Ne3+ Kd4 46. Nxf5+ exf5 47. e6 e3 48. e7 e2 49. e8=Q Be4 50. Qe5+ Ke3 51. Qc3+ Kf2 52. c6 e1=Q 53. Qxe1+ Kxe1 54. c7 Bb7 55. Kc5 Kf2 56. Kd6 Kg3 57. Ke5 Kg4 58. h5 Bc8 59. Kf6 Kxf4 60. Kg6 Ke4 61. Kxh6 f4 62. Kg7 f3 63. h6 f2 64. h7 f1=Q 65. h8=Q Qa1+ 66. Kh7 Bf5+ 67. Kg8 Be6+ 68. Kh7 Qxh8+ 69. Kxh8 Kd4 70. Kg7 Kc3 0-1


[Site "https://www.chess.com"]

[Event "Titled Tuesday Blitz August 3 2021"]
[White "Gokerkan, Cem Kaan"]
[Black "Vlassov, Nikolai"]
[WhiteFideId "6336760"]
[BlackFideId "4103360"]
[WhiteElo "2361"]
[BlackElo "2407"]
[Result "1-0"]
[Round "08"]
[TimeControl "180+1"]
[Date "2021.08.03"]
[WhiteClock "0:00:16"]
[BlackClock "0:00:08"]

1. e4 Nc6 2. Nf3 d5 3. exd5 Qxd5 4. Nc3 Qa5 5. Bb5 Bd7 6. O-O a6 7. Bxc6 Bxc6 8. d4 e6 9. Ne5 Bd6 10. Nxc6 bxc6 11. Qg4 Ne7 12. Ne4 O-O 13. Qf3 Qf5 14. Qe2 Ng6 15. Re1 Rae8 16. Qxa6 e5 17. Qxc6 exd4 18. Bd2 Ne5 19. Nxd6 cxd6 20. Qe4 Qf6 21. a4 h5 22. a5 Nc4 23. Qf4 Qxf4 24. Bxf4 Rxe1+ 25. Rxe1 Nxa5 26. Bxd6 Rc8 27. b4 Nb7 28. Be5 Rc4 29. Rd1 Rxb4 30. Bxd4 f6 31. c3 Rb2 32. h4 Rc2 33. Ra1 Nd6 34. Ra5 Ne4 35. Ra3 Rc1+ 36. Kh2 Kf7 37. f3 Nd2 38. Ra7+ Kg6 39. Kg3 Rc2 40. Ra1 Kf5 41. Re1 g5 42. hxg5 fxg5 43. Re5+ Kg6 44. Re6+ Kh7 45. Re7+ Kg6 46. Rg7+ Kh6 47. Re7 Nf1+ 48. Kh3 Rc1 49. Re6+ Kh7 50. Re2 Rd1 51. g3 Nd2 52. Kg2 Nc4 53. Re7+ Kg6 54. Re6+ Kh7 55. Kf2 Rd2+ 56. Re2 Rd3 57. Re7+ Kg6 58. Re6+ Kh7 59. Rc6 Na3 60. Ke2 Rxd4 61. cxd4 Nb5 62. Ke3 Na7 63. Rc7+ Kg6 64. Rxa7 h4 65. gxh4 gxh4 66. d5 h3 67. d6 Kf6 68. Ra1 Ke6 69. Rh1 Kxd6 70. Rxh3 Ke5 71. Rg3 Kf5 72. Rg4 Kf6 73. Kf4 Ke6 74. Rg5 Kf6 75. Kg4 Ke6 76. Rf5 1-0


[Site "https://www.chess.com"]